 Dungeon Crawl Stone Soup version 0.32-a0-921-g04a7ad8e02 (webtiles) character file.

Game seed: 12907845514800929303

25 tmwh the Shield-Bearer (level 3, -5/23 HPs)
             Began as a Gargoyle Fighter on Apr 12, 2024.
             Slain by an ogre
             ... wielding a +0 giant club
              (23 damage)
             ... on level 4 of the Dungeon.
             The game lasted 00:03:47 (1435 turns).

tmwh the Shield-Bearer (Gargoyle Fighter)           Turns: 1435, Time: 00:03:48

Health: -5/23      AC: 11    Str: 21    XL:     3   Next: 6%
Magic:  3/3        EV:  8    Int:  8    God:
Gold:   48         SH:  4    Dex:  9    Spells: 2/2 levels left

rFire   . . .        a - +0 flail
rCold   . . .        c - +0 buckler
rNeg    + . .        b - +0 scale mail
rPois   ∞            e - +0 helmet
rElec   +            (no cloak)
rCorr   .            (no gloves)
SInv    .            (no boots)
Will    .....        (no amulet) Stlth
                     (no ring)
HPRegen 0.23/turn    (no ring)
MPRegen 0.08/turn

%: no passive effects
@: no status effects
A: sickness immunity, AC +3, negative energy resistance 1, electricity
resistance, torment resistance 1, petrification resistance
a: no special abilities


You were on level 4 of the Dungeon.
You visited 1 branch of the dungeon, and saw 3 of its levels.

You collected 48 gold pieces.

Inventory:

Hand Weapons
 a - a +0 flail (weapon)
Armour
 b - a +0 scale mail (worn)
 c - a +0 buckler (worn)
 e - a +0 helmet (worn)
   (You found it on level 1 of the Dungeon)
Jewellery
 f - a ring of magical power
   (You found it on level 1 of the Dungeon)
 m - a +6 ring of intelligence
   (You found it on level 4 of the Dungeon)
Wands
 l - a wand of paralysis (10)
   (You took it off a hobgoblin on level 4 of the Dungeon)
Scrolls
 g - a scroll of vulnerability {unknown}
 i - 2 scrolls of identify {unknown}
 j - a scroll of enchant armour {unknown}
Potions
 d - 2 potions of might
 h - a potion of berserk rage {unknown}
 k - a potion of lignification {unknown}


   Skills:
 + Level 3.6 Fighting
 + Level 2.4 Maces & Flails
 + Level 3.5 Armour
 + Level 3.6 Shields


You had 2 spell levels left.
You didn't know any spells.
Your spell library was empty.

Dungeon Overview and Level Annotations

Branches:
Dungeon (2/15)

Altars:
Kikubaaqudgha

Shops:
D:2 :**

Annotations:
D:2 Natasha


Innate Abilities, Weirdness & Mutations

You are immune to sickness and miasma.
Your stone body is resilient. (AC +3)
You are immune to poison.
You resist negative energy. (rN+)
You are resistant to electric shocks. (rElec)
You are resistant to unholy torment.
You are immune to petrification.


Message History

The hobgoblin hits you but does no damage.
The hobgoblin attacks as it pursues you!
The hobgoblin barely misses you.
A gnoll comes into view. It is wielding a +0 halberd.
The hobgoblin attacks as it pursues you!
The hobgoblin hits you but does no damage.
The hobgoblin attacks as it pursues you!
The hobgoblin hits you but does no damage.
Found a scroll labelled NEBLUEL MOETI.
Found a stone staircase leading down.
Found a helmet.
Found a black potion.
The hobgoblin attacks as it pursues you!
The hobgoblin barely misses you.
Found a knobbly glass ring.
The hobgoblin attacks as it pursues you!
The hobgoblin barely misses you.
The hobgoblin attacks as it pursues you!
The hobgoblin hits you but does no damage.
The goblin shoots a sling bullet.
The sling bullet barely misses you.
The hobgoblin attacks as it pursues you!
The hobgoblin hits you but does no damage.
The hobgoblin attacks as it pursues you!
The hobgoblin hits you but does no damage.
You see here a +6 ring of intelligence.
m - a +6 ring of intelligence The goblin shoots a sling bullet.
The sling bullet closely misses you.
The hobgoblin hits you but does no damage.
The goblin shoots a sling bullet.
The sling bullet hits you.
The hobgoblin attacks as it pursues you!
The hobgoblin barely misses you.
The hobgoblin attacks as it pursues you!
The hobgoblin hits you but does no damage.
The hobgoblin attacks as it pursues you!
The hobgoblin hits you. The hobgoblin barely misses you.
A ball python comes into view.
The hobgoblin hits you but does no damage.
The ogre hits you with a +0 giant club!!
Ouch! That really hurt!
You die...

#......#### #..###...
##........#...## #..
###..#..#...... ###.
#..g.####..... #...
##..................O#
##........ß......g..#
#####........###.....
#...gO.....## #.....
#....@.....# #.g....
#...........# ......O
#.....#...... .......
###..##...... ####
##.... ..#. .ßS ..


You could see an ogre, a gnoll, a hobgoblin and a ball python (wandering).

Vanquished Creatures
  4 ball pythons
  An endoplasm (D:1)
  A giant cockroach (D:1)
  5 hobgoblins
  A quokka (D:1)
  3 bats
  A frilled lizard (D:2)
  4 kobolds
  2 rats (D:1)
22 creatures vanquished.

Notes
Turn   | Place    | Note
-------+----------+-------------------------------------------
     0 | D:1      | tmwh the Gargoyle Fighter began the quest for the Orb.
     0 | D:1      | Reached XP level 1. HP: 14/14 MP: 1/1
   343 | D:1      | Reached XP level 2. HP: 19/19 MP: 2/2
   925 | D:2      | Found Ippoub's Assorted Antiques.
   970 | D:2      | Found Ketyraid's Book Emporium.
  1080 | D:2      | Found Ubi Zaacw's Assorted Antiques.
  1126 | D:2      | Noticed Natasha
  1160 | D:2      | You fall into a shaft and drop 2 floors!
  1219 | D:4      | Found an ancient bone altar of Kikubaaqudgha.
  1229 | D:4      | Reached XP level 3. HP: 22/23 MP: 3/3
  1353 | D:4      | Noticed an ogre
  1435 | D:4      | Slain by an ogre

Illustrated notes

Levels and vault maps discovered:
D:1:      lightli_arrival_statue_moat, layout_basic
D:2:      layout_rooms, serial_shops, shop, nicolae_shop_hallway_stairs,
          nicolae_shop_rolling_square, shop, uniq_natasha
D:4:      layout_cave_pools, nicolae_kikubaaqudgha_miasma_corner,
          serial_column_ruins, column_ruins_temple_hut,
          column_ruins_square_large, column_ruins_grid_3,
          column_ruins_open_medium, column_ruins_corridor_corner,
          column_ruins_grid_1, column_ruins_corridor_straight,
          column_ruins_columns_straight

Action                     || total
---------------------------++-------
  Melee: Flail             ||    94
 Armour: Scale mail        ||   143
  Dodge: Dodged            ||    75
  Block: Buckler           ||    23

Table legend: (Time is in decaauts)
 A = Elapsed time spent in this place.
 B = Non-inter-level travel time spent in this place.
 C = Inter-level travel time spent in this place.
 D = Time resting spent in this place.
 E = Time spent auto-exploring this place.
 F = Levels seen in this place.
 G = Mean time per level.
                   A        B        C        D        E       F      G
               +--------+--------+--------+--------+--------+-----+--------+
         Total |   1472 |   1448 |     24 |    165 |    950 |   3 |  490.7 |
       Dungeon |   1472 |   1448 |     24 |    165 |    950 |   3 |  490.7 |
               +--------+--------+--------+--------+--------+-----+--------+

Top non-repeatable levels by time:
     D:1: 869 daAuts
     D:2: 318 daAuts
     D:4: 284 daAuts
